 Dungeon Crawl Stone Soup version 0.30-a0-639-g3916f1956a (webtiles) character file.

Game seed: 8441723638070942531

3572 Mitcholas the Skirmisher (level 9, -7/54 HPs)
             Began as a Deep Elf Hunter on Jan 16, 2023.
             Was a Believer of Okawaru.
             Mangled by a yak (11 damage)
             ... on level 6 of the Dungeon.
             The game lasted 00:20:31 (6899 turns).

Mitcholas the Skirmisher (Deep Elf Hunter)          Turns: 6899, Time: 00:20:32

Health: -7/54      AC: 11    Str:  8    XL:     9   Next: 84%
Magic:  11/11      EV: 16    Int: 15    God:    Okawaru [**....]
Gold:   380        SH:  0    Dex: 28    Spells: 8/8 levels left

rFire   . . .      SeeInvis +    a - +0 shortbow
rCold   + . .      Faith    .    (shield currently unavailable)
rNeg    . . .      Spirit   .    r - +2 ring mail {rC+}
rPois   .          Reflect  .    x - +0 helmet
rElec   .          Harm     .    C - +0 cloak
rCorr   .          Rampage  .    (no gloves)
Will    .....                    F - +0 pair of boots
Stlth   +++                      (no amulet)
HPRegen 0.29/turn                J - ring of Zemmadai {Fly SInv}
MPRegen 0.12/turn                H - +6 ring of dexterity

@: flying
A: no striking features
a: Renounce Religion, Heroism


You were on level 6 of the Dungeon.
You worshipped Okawaru.
Okawaru was pleased with you.
You visited 2 branches of the dungeon, and saw 7 of its levels.

You collected 380 gold pieces.

Inventory:

Hand Weapons
 a - a +0 shortbow (weapon)
Missiles
 s - 2 atropa-tipped darts
 E - a curare-tipped dart
Armour
 r - a +2 ring mail of cold resistance (worn)
 x - a +0 helmet (worn)
 C - a +0 cloak (worn)
 F - a +0 pair of boots (worn)
Jewellery
 u - a +6 ring of strength
 w - a +6 ring of intelligence
 y - a ring of resist corrosion
 H - a +6 ring of dexterity (right hand)
 J - the ring of Zemmadai (left hand) {Fly SInv}
   (You took it off an orc on level 6 of the Dungeon)

   [ring of flight]

   SInv:      It lets you see invisible.
   Fly:       It grants you flight.
 L - a ring of fire
Wands
 q - a wand of iceblast (4)
 G - a wand of flame (11)
Scrolls
 b - 2 scrolls of immolation
 c - a scroll of vulnerability {unknown}
 d - a scroll of noise {unknown}
 h - 2 scrolls of teleportation {unknown}
 i - 3 scrolls of butterflies {unknown}
 k - 3 scrolls of blinking {unknown}
 n - a scroll of magic mapping {unknown}
 o - 2 scrolls of poison {unknown}
 p - a scroll of fog {unknown}
 v - 2 scrolls of amnesia {unknown}
 B - 2 scrolls of fear {unknown}
 I - a scroll of enchant armour {unknown}
 K - a scroll of silence {unknown}
Potions
 e - 3 potions of mutation
 f - 2 potions of haste
 g - 2 potions of magic
 j - 2 potions of ambrosia
 l - 3 potions of cancellation
 m - a potion of berserk rage {unknown}
 t - a potion of curing {unknown}
 z - 2 potions of attraction
 A - a potion of lignification {unknown}
 D - a potion of heal wounds


   Skills:
 + Level 5.3 Fighting
 * Level 12.6 Ranged Weapons
 + Level 3.0 Armour
 + Level 7.7 Dodging
 - Level 5.0 Stealth
 + Level 4.0 Evocations


You had 8 spell levels left.
You didn't know any spells.
Your spell library contained the following spells:

 Spells                   Type           Power      Damage    Failure   Level
 Foxfire                  Conj/Fire      0%         2x1d4     61%         1
 Sandblast                Erth           0%         2d4       61%         1
 Lesser Beckoning         Tloc           0%         N/A       75%         2
 Passwall                 Tmut/Erth      0%         N/A       75%         2
 Gell's Gravitas          Tloc           0%         N/A       93%         3
 Stone Arrow              Conj/Erth      0%         3d7       93%         3
 Teleport Other           Tloc           0%         N/A       93%         3
 Fireball                 Conj/Fire      0%         3d3       100%        5
 Starburst                Conj/Fire      0%         6d3       100%        6
 Chain Lightning          Conj/Air       0%         N/A       100%        9
 Fire Storm               Conj/Fire      0%         5d1       100%        9
 Shatter                  Erth           0%         3d5*      100%        9


Dungeon Overview and Level Annotations

Branches:
Dungeon (6/15)             Temple (1/1) D:6

Altars:
Ashenzari
Cheibriados
Dithmenos
Elyvilon
Gozag
Hepliaklqana
Kikubaaqudgha
Makhleb
Nemelex Xobeh
Okawaru
Qazlal
Sif Muna
Trog
Uskayaw
Vehumet
Zin


Message History

The yak is heavily wounded.
The yak closely misses you.
Fire: a) +0 shortbow
Press: ? - help, Q - select action, (/) - cycle Shift-Dir - straight line, f/p - yak
Aim: a yak (heavily wounded, 80% to hit)
You shoot an arrow. The arrow completely misses the yak.
The yak barely misses you.
Fire: a) +0 shortbow
Press: ? - help, Q - select action, (/) - cycle Shift-Dir - straight line, f/p - yak
Aim: a yak (heavily wounded, 80% to hit)
You shoot an arrow. The arrow hits the yak!
The yak is severely wounded.
The yak gores you but does no damage.
Fire: a) +0 shortbow
Press: ? - help, Q - select action, (/) - cycle Shift-Dir - straight line, f/p - yak
Aim: a yak (severely wounded, 80% to hit)
You shoot an arrow. The arrow barely misses the yak.
The yak gores you.
* * * LOW HITPOINT WARNING * * *
Fire: a) +0 shortbow
Press: ? - help, Q - select action, (/) - cycle Shift-Dir - straight line, f/p - yak
Aim: a yak (severely wounded, 80% to hit)
You shoot an arrow. The arrow hits the yak!
The yak is almost dead.
The yak gores you but does no damage.
Unknown command.
Fire: a) +0 shortbow
Press: ? - help, Q - select action, (/) - cycle Shift-Dir - straight line, f/p - yak
Aim: a yak (almost dead, 80% to hit)
You shoot an arrow.
The arrow hits the yak but does no damage.
The yak is almost dead.
The yak barely misses you.
Fire: a) +0 shortbow
Press: ? - help, Q - select action, (/) - cycle Shift-Dir - straight line, f/p - yak
Aim: a yak (almost dead, 80% to hit)
You shoot an arrow. The arrow hits the yak.
The yak is almost dead.
The yak gores you!
You die...

##.###.###.###
#.# #.# #.# #.#
#.# #<#
######.###.# #.#
##......[...###.#
#.YY............#
#..####.#########
.....# #Y#
##.##.# #@# #.
#.# #.# : ... ..#
.. ..# #### #.
###


You could see a yak.

Vanquished Creatures
  A manticore (D:6)
  5 yaks (D:6)
  2 steam dragons (D:6)
  A sky beast (D:6)
  2 black bears
  An ogre (D:5)
  4 phantoms
  A gnoll sergeant (D:5)
  A necrophage (D:6)
  5 scorpions
  A wight (D:6)
  4 howler monkeys (D:5)
  2 jellies
  5 hounds
  2 orc priests
  7 iguanas
  An orc wizard (D:5)
  12 adders
  17 gnolls
  A white imp (D:4)
  The ghost of drugrobin the Sneak, a weakling DgDe (D:4)
  4 dart slugs
  31 orcs
  8 ball pythons
  8 endoplasms
  2 giant cockroaches
  7 goblins
  4 hobgoblins
  15 jackals
  8 kobolds
  6 quokkas
  5 bats
  4 frilled lizards
  7 rats
185 creatures vanquished.

Vanquished Creatures (others)
  A plant (D:5)
1 creature vanquished.

Grand Total: 186 creatures vanquished

Notes
Turn   | Place    | Note
-------+----------+-------------------------------------------
     0 | D:1      | Mitcholas the Deep Elf Hunter began the quest for the Orb.
     0 | D:1      | Reached XP level 1. HP: 12/12 MP: 3/3
   146 | D:1      | Reached XP level 2. HP: 17/17 MP: 4/4
   288 | D:1      | Reached XP level 3. HP: 21/21 MP: 5/5
   628 | D:2      | Reached skill level 6 in Ranged Weapons
  1296 | D:3      | Reached XP level 4. HP: 26/26 MP: 6/6
  1866 | D:3      | Reached XP level 5. HP: 31/31 MP: 7/7
  1994 | D:3      | Found a faded altar of an unknown god.
  2293 | D:4      | Found a runed translucent door.
  2294 | D:4      | Noticed drugrobin's ghost (weakling DgDe)
  2324 | D:4      | Reached skill level 7 in Ranged Weapons
  2481 | D:4      | Noticed a phantom
  2503 | D:4      | Killed a phantom
  2504 | D:4      | Reached XP level 6. HP: 36/36 MP: 8/8
  2796 | D:4      | Killed drugrobin's ghost
  2830 | D:5      | Entered Level 5 of the Dungeon
  3032 | D:5      | Reached skill level 8 in Ranged Weapons
  3066 | D:5      | Reached XP level 7. HP: 41/41 MP: 9/9
  3421 | D:5      | Reached skill level 5 in Dodging
  3564 | D:5      | Reached skill level 9 in Ranged Weapons
  3564 | D:5      | Reached skill level 5 in Stealth
  4048 | D:5      | Reached XP level 8. HP: 48/48 MP: 10/10
  4275 | D:5      | Reached skill level 10 in Ranged Weapons
  5582 | D:6      | HP: 1/48 [something (3)]
  5797 | D:6      | Reached skill level 1 in Evocations
  5801 | D:6      | Reached skill level 1 in Armour
  5850 | D:6      | Found a staircase to the Ecumenical Temple.
  5856 | Temple   | Entered the Ecumenical Temple
  6034 | Temple   | Became a worshipper of Warmaster Okawaru
  6222 | D:6      | Identified the ring of Zemmadai {Fly SInv}
  6311 | D:6      | Reached skill level 11 in Ranged Weapons
  6417 | D:6      | Reached XP level 9. HP: 27/52 MP: 11/11
  6543 | D:6      | Reached * piety under Okawaru
  6597 | D:6      | Noticed a manticore
  6604 | D:6      | Killed a manticore
  6605 | D:6      | Reached skill level 5 in Fighting
  6666 | D:6      | Reached ** piety under Okawaru
  6667 | D:6      | Reached skill level 12 in Ranged Weapons
  6899 | D:6      | Mangled by a yak

Illustrated notes

Levels and vault maps discovered:
D:1:      elethiomel_arrival_maze, layout_rooms, minmay_nonomino_d4
D:2:      layout_loops_cross, minivault_4, chequers_arboretum
D:3:      cheibrodos_helix_gallery, layout_loops_corners,
          dilly_ecumenical_altar_fadedgnrine, minivault_23,
          kennysheep_generic_room_16
D:4:      layout_rooms, ebering_ghost_inner_flame
D:5:      lemuel_castle_with_subvaults [lemuel_castle_interior_carwin_2],
          layout_layer_cave, hangedman_abyss_or_decor_lesser_grid
D:6:      kennysheep_windowed_halls, layout_loops_ring, minmay_temple_entry_hall
Temple:   eino_temple_scatter_basement

Skill      XL: |  1  2  3  4  5  6  7  8  9 |
---------------+----------------------------+-----
Stealth        | 2 3 4 5 |  5.0
Dodging        | 3 4 5 6 7 |  7.7
Fighting       | 2 3 4 5 |  5.3
Ranged Weapons | 6 7 8 9 11 12 | 12.6
Evocations     | 2 4 |  4.0
Armour         | 1 3 |  3.0

Action                   |  1- 3 |  4- 6 |  7- 9 || total
-------------------------+-------+-------+-------++-------
 Fire: Shortbow          |    87 |   168 |   389 ||   644
Throw: Dart              |       |       |     4 ||     4
Invok: Heroism           |       |       |     1 ||     1
Evoke: Wand              |       |       |     4 ||     4
  Use: Scroll            |       |       |     5 ||     5
       Potion            |       |       |     3 ||     3
Armor: Leather armour    |     4 |       |       ||     4
       Ring mail         |     2 |    26 |    68 ||    96
Dodge: Dodged            |    11 |    41 |   162 ||   214

Table legend: (Time is in decaauts)
 A = Elapsed time spent in this place.
 B = Non-inter-level travel time spent in this place.
 C = Inter-level travel time spent in this place.
 D = Time resting spent in this place.
 E = Time spent auto-exploring this place.
 F = Levels seen in this place.
 G = Mean time per level.
                   A        B        C        D        E       F      G
               +--------+--------+--------+--------+--------+-----+--------+
         Total |   7006 |   6756 |    250 |    516 |   4663 |   7 | 1000.9 |
       Dungeon |   6819 |   6595 |    224 |    516 |   4519 |   6 | 1136.5 |
        Temple |    187 |    161 |     26 |      0 |    144 |   1 |  187.0 |
               +--------+--------+--------+--------+--------+-----+--------+

Top non-repeatable levels by time:
     D:5: 2871 daAuts
     D:3: 1062 daAuts
     D:6: 1053 daAuts
     D:4: 640 daAuts
     D:2: 637 daAuts
     D:1: 554 daAuts
  Temple: 187 daAuts
